 Dungeon Crawl Stone Soup version 0.22-a0-617-g6d95e9e (webtiles) character file.

51 Hebeh the Firebug (level 3, -5/19 HPs)
             Began as a Deep Elf Fire Elementalist on July 12, 2018.
             Slain by a gnoll
             ... wielding a +2 whip of electrocution
              (10 damage)
             ... on level 2 of the Dungeon.
             The game lasted 00:07:24 (1785 turns).

Hebeh the Firebug (Deep Elf Fire Elementalist)      Turns: 1785, Time: 00:07:25

Health: -5/19      AC:  0    Str:  5    XL:     3   Next: 57%
Magic:  8/10       EV: 11    Int: 20    God:
Gold:   108        SH:  0    Dex: 15    Spells: 8/9 levels left

rFire    . . .     SeeInvis .   b - +0 hunting sling
rCold    . . .     Gourm    .   (no shield)
rNeg     . . .     Faith    .   h - +0 robe
rPois    .         Spirit   .   r - +0 hat
rElec    .         Reflect  .   (no cloak)
rCorr    .         Harm     .   (no gloves)
MR       .....                  s - +0 pair of boots
Stlth    ++........             n - amulet of magic regeneration
HPRegen  0.06/turn              g - -3 ring of protection (curse)
MPRegen  0.37/turn              (no ring)

@: heavily drained
A: no striking features
a: no special abilities


You were on level 2 of the Dungeon.
You were hungry.

You visited 1 branch of the dungeon, and saw 2 of its levels.

You collected 108 gold pieces.

Inventory:

Hand Weapons
 a - a +0 hand axe of freezing
 b - a +0 hunting sling (weapon)
 f - a +0 dagger
Missiles
 e - 30 bolts
 k - 35 arrows
 o - 37 stones (quivered)
Armour
 h - a +0 robe (worn)
 r - a +0 hat (worn)
 s - a +0 pair of boots (worn)
Jewellery
 g - a cursed -3 ring of protection (left hand)
 n - an amulet of magic regeneration (around neck)
Scrolls
 i - a scroll of enchant weapon {unknown}
 j - a scroll of blinking
 m - a scroll of identify
Potions
 d - 3 potions of haste
 p - a potion of curing {unknown}
Comestibles
 c - 3 rations
 q - 4 chunks of flesh


   Skills:
 - Level 2.4(0.8) Dodging
 - Level 2.4(0.8) Stealth
 + Level 3.7(2.0) Spellcasting
 * Level 2.9(1.2) Conjurations
 + Level 3.8(2.1) Fire Magic


You had 8 spell levels left.
You knew the following spells:

 Your Spells              Type           Power        Failure   Level  Hunger
a - Flame Tongue          Conj/Fire      #....        8%          1    #......

Your spell library contained the following spells:

 Spells                   Type           Power        Failure   Level  Hunger
 Fireball                 Conj/Fire      #.........   91%         5    ######.
 Conjure Flame            Conj/Fire      #.......     24%         3    ###....
 Throw Flame              Conj/Fire      #.....       12%         2    ##.....
 Sticky Flame             Conj/Fire      #.......     61%         4    #####..
 Inner Flame              Hex/Fire       #.......     30%         3    ###....


Dungeon Overview and Level Annotations

Branches:
Dungeon (2/15)

Altars:


Message History

Confirm with . or Enter, or press ? or * to list all spells.
Aiming: Flame Tongue (safe; 8% risk of failure)
Press: ? - help, Shift-Dir - straight line, f/p - gnoll
Aim: a gnoll, wielding a whip of electrocution (severely wounded)
The flame tongue hits the gnoll.
The gnoll is severely wounded.
The gnoll hits you with a whip of electrocution.
You are electrocuted!
Ouch! That really hurt!
* * * LOW HITPOINT WARNING * * *
Casting: Flame Tongue (safe; 8% risk of failure)
Confirm with . or Enter, or press ? or * to list all spells.
Aiming: Flame Tongue (safe; 8% risk of failure)
Press: ? - help, Shift-Dir - straight line, f/p - gnoll
Aim: a gnoll, wielding a whip of electrocution (severely wounded)
The flame tongue hits the gnoll.
The gnoll is severely wounded.
The gnoll hits you with a whip of electrocution!
Ouch! That really hurt!
You die...

#.#.......# #... #.#.......# #...
#.#.......# #... ####.##.....##
##.#' ......##...## ##..#.
#####..##'#######+#######+##....[
##...........................
#...........................
#..........@................
####'#######g#######+###<...
##...## ..# #.... ##.....## .%(#
##... #.......# ....# #...
#.......# (...# #... #...)...#
(...# #... ##.....## ...## #...
##...## #...


You could see a gnoll.

Vanquished Creatures
  2 worms (D:2)
  A dart slug (D:1)
  2 leopard geckos (D:1)
  2 giant cockroaches
  4 goblins
  5 hobgoblins
  5 jackals (D:1)
  A quokka (D:2)
  4 bats
  4 frilled lizards
  3 kobolds
  6 rats
39 creatures vanquished.

Notes
Turn   | Place    | Note
-------+----------+-------------------------------------------
     0 | D:1      | Hebeh the Deep Elf Fire Elementalist began the quest for the Orb.
     0 | D:1      | Reached XP level 1. HP: 10/10 MP: 6/6
   209 | D:1      | Reached XP level 2. HP: 15/15 MP: 4/8
  1083 | D:2      | Reached XP level 3. HP: 19/19 MP: 8/10
  1785 | D:2      | Slain by a gnoll

Vault maps used:
D:1:      dpeg_arrival_houses_and_road, st_stairs_9
D:2:      kennysheep_six_static_rooms, minmay_overflow_temple_star_quad,
          nicolae_overflow_hidden_temple

Skill      XL: |  1  2 |
---------------+-------+-----
Conjurations   | 2 |  2.9
Dodging        | |  2.4
Stealth        | |  2.4
Spellcasting   | |  3.7
Fire Magic     | |  3.8

Action                   || total
-------------------------++-------
Melee: Dagger            ||     6
 Fire: Hunting sling     ||    42
Throw: Stone             ||    34
 Cast: Flame Tongue      ||    65
  Use: Scroll            ||     4
  Eat: Chunk             ||     2
Armor: Robe              ||     5
Dodge: Dodged            ||    17

Table legend:
 A = Spawn XP
 B = Non-spawn XP
 C = Spawn XP percentage of total XP
 D = Spawn monster count
 E = Non-spawn monster count
 F = Spawn count percentage of total count
 G = Total turns spent on level
                    A         B        C        D         E        F      G
               +---------+---------+-------+---------+---------+-------+---------
         Total |       0 |      73 |   0.0 |       0 |      39 |   0.0 |  1785
               +---------+---------+-------+---------+---------+-------+---------
           D:1 |       0 |      40 |   0.0 |       0 |      21 |   0.0 |  1071
           D:2 |       0 |      33 |   0.0 |       0 |      18 |   0.0 |   714
               +---------+---------+-------+---------+---------+-------+---------
